 Dungeon Crawl Stone Soup version 0.18-a0-1639-g7533f42 (webtiles) character file.

3368 syage the Fighter (level 10, -3/99 HPs)
             Began as a Naga Fighter on Mar 27, 2016.
             Was an Elder of Okawaru.
             Slain by a yak (8 damage)
             ... on level 10 of the Dungeon.
             The game lasted 00:30:29 (7720 turns).

syage the Fighter (Naga Fighter)                    Turns: 7720, Time: 00:30:29

Health: -3/99      AC: 10    Str: 25 (26) XL:     10   Next: 3%
Magic:  10/10      EV: 13    Int: 13 (14) God:    Okawaru [****..]
Gold:   423        SH: 10    Dex: 15 (16) Spells: 0 memorised, 9 levels left

rFire  + + .     SeeInvis +     a - +0 trident
rCold  . . .     Gourm    .     w - +1 leather armour of the Comet {*Drain rC+ Regen+ Str+5}
rNeg   + . .     Faith    +     O - +1 shield {rN+}
rPois  +         Spirit   .     s - +0 helmet
rElec  .         Dismiss  .     B - +0 cloak
rCorr  .         Reflect  .     J - +0 pair of gloves
SustAt +         Harm     .     (no barding)
MR     +....                    D - amulet of faith
Stlth  +++.......               r - ring of sustain attributes
                                e - ring of fire

@: brilliant, agile, very slightly contaminated, hasted, quick, somewhat
resistant to hostile enchantments, fairly stealthy
A: see invisible, deformed body, fire resistance 1, poison resistance, screaming
1, slowness 2, slow metabolism 1, spit poison 3, AC +3
a: Breathe Poison Gas, Heroism, Renounce Religion


You were on level 10 of the Dungeon.
You worshipped Okawaru.
Okawaru was greatly pleased with you.
You were not hungry.

You visited 2 branches of the dungeon, and saw 11 of its levels.

You collected 423 gold pieces.

Inventory:

Hand Weapons
 a - a +0 trident (weapon)
 o - a +3 quarterstaff of chaos
 G - a +0 whip of freezing
 K - a +4 dagger
Missiles
 E - 8 tomahawks (quivered)
Armour
 c - a +0 shield
 s - a +0 helmet (worn)
 w - the +1 leather armour of the Comet (worn) {*Drain rC+ Regen+ Str+5}
   (You found it on level 4 of the Dungeon)

   It affects your strength (+5).
   It protects you from cold.
   It increases your rate of regeneration.
   It causes draining when unequipped.
 y - a +3 chain mail
 B - a +0 cloak (worn)
 H - a +2 robe of fire resistance
 J - a +0 pair of gloves (worn)
 O - a +1 shield of positive energy (worn)
Jewellery
 e - a ring of fire (left hand)
 r - a ring of sustain attributes (right hand)
 C - an uncursed ring of ice
 D - an amulet of faith (around neck)
 M - an uncursed ring of flight {unknown}
Wands
 L - a wand of iceblast (4/15)
 Q - a wand of polymorph (12/24)
Scrolls
 l - 3 scrolls of remove curse
 m - 3 scrolls of fog
 p - 8 scrolls of identify
 t - a scroll of fear
 x - a scroll of teleportation
Potions
 b - a potion of agility
 d - 2 potions of might
 g - a potion of resistance
 q - 2 potions of cure mutation
 u - a potion of lignification {unknown}
 v - a potion of haste
 A - a potion of degeneration
 F - a potion of magic {unknown}
 I - a potion of brilliance
 N - a potion of curing
 P - a potion of mutation
Comestibles
 f - 8 bread rations
 h - 4 slices of pizza
 i - 2 meat rations
 k - 10 fruits


   Skills:
 + Level 9.1 Fighting
 + Level 8.0 Polearms
 - Level 0.6 Throwing
 + Level 6.1 Armour
 - Level 1.7 Dodging
 - Level 3.4 Stealth
 - Level 2.4 Shields
 + Level 0.7 Invocations


You had 9 spell levels left.
You didn't know any spells.

Dungeon Overview and Level Annotations

Branches:
Dungeon (10/15)            Temple (1/1) D:4
   Lair: D:8-11         Orc: D:9-12

Altars:
Ashenzari
Cheibriados
Dithmenos
Elyvilon
Fedhas
Gozag
Kikubaaqudgha
Makhleb
Nemelex Xobeh
Okawaru
Pakellas
Qazlal
Ru
Sif Muna
Trog
Vehumet
Xom
Yredelemnul
Zin
The Shining One

Shops:
D:8 !?*

Annotations:
D:7 4 runed doors


Innate Abilities, Weirdness & Mutations

You cannot wear boots.
Your serpentine skin is tough (AC +3).
You have supernaturally acute eyesight.
Armour fits poorly on your strangely shaped body.
Your system is resistant to poisons.
You cover ground very slowly.
You have a slow metabolism.
You can exhale a cloud of poison.
Your flesh is heat resistant.
You occasionally shout uncontrollably at your foes.


Message History

The yak snorts and paws the ground.
The yak gores you but does no damage. The yak gores you!
* * * LOW HITPOINT WARNING * * *
Drink which item? (? for menu, Esc to quit)
It was a potion of degeneration.
There was something very wrong with that liquid.
You feel somewhat weakened.
You feel somewhat dopey.
You feel somewhat clumsy. The yak gores you but does no damage.
Drink which item? (? for menu, Esc to quit)
It was a potion of brilliance.
You feel clever all of a sudden. The yak gores you!
* * * LOW HITPOINT WARNING * * *
The yak gores you.
* * * LOW HITPOINT WARNING * * *
Drink which item? (? for menu, Esc to quit)
It was a potion of agility.
You feel agile all of a sudden. The yak gores you!
You die...

#...# #### #...# #..# .
#...# #..####.. #...#
#........ #...###
#........
########.....###Y.......
..............YY@....#
...............#####.#
.......<.......#
...............#
...............#
#####..........#
#..........#
#..........#
#...#+####..


You could see 3 yaks.

Vanquished Creatures
  Pikel (D:5)
  Sigmund (D:2)
  A hippogriff (D:8)
  2 hungry ghosts
  An orc warrior (D:7)
  An ice beast (D:8)
  A phantom (D:7)
  2 ogres
  2 giant frogs (D:6)
  A gnoll sergeant (D:8)
  A water moccasin zombie (D:8)
  4 scorpions
  A killer bee (D:10)
  A howler monkey (D:4)
  3 crimson imps
  2 quasits (D:6)
  4 orc priests
  5 hounds
  A centaur skeleton (D:6)
  2 giant frog skeletons
  Crazy Yiuf (D:4)
  Natasha (thrice) (D:2)
  2 iguanas
  10 orc wizards
  5 worker ants
  A hound zombie (D:6)
  A hound skeleton (D:8)
  16 adders
  4 gnolls (D:8)
  2 shadow imps
  An adder skeleton (D:6)
  2 worms
  4 dart slugs
  4 giant geckos
  29 orcs
  2 ball pythons
  5 bats
  5 giant cockroaches
  12 goblins
  5 hobgoblins
  12 jackals
  3 quokkas
  A giant gecko skeleton (D:4)
  A giant gecko zombie (D:6)
  2 giant newts (D:1)
  A goblin zombie (D:6)
  4 hobgoblin zombies (D:6)
  A jackal skeleton (D:7)
  4 kobolds
  2 kobold zombies (D:6)
  An orc skeleton (D:6)
  A quokka skeleton (D:4)
  4 rats
188 creatures vanquished.

Notes
Turn   | Place    | Note
--------------------------------------------------------------
     0 | D:1      | syage the Naga Fighter began the quest for the Orb.
     0 | D:1      | Reached XP level 1. HP: 21/21 MP: 1/1
   106 | D:1      | Reached XP level 2. HP: 21/28 MP: 2/2
   716 | D:2      | Noticed Sigmund
   726 | D:2      | Reached XP level 3. HP: 17/34 MP: 3/3
  1032 | D:2      | Killed Sigmund
  1032 | D:2      | Reached skill level 4 in Fighting
  1032 | D:2      | Reached skill level 1 in Dodging
  1032 | D:2      | Reached XP level 4. HP: 34/44 MP: 4/4
  1032 | D:2      | Reached XP level 5. HP: 38/50 MP: 5/5
  1493 | D:2      | Noticed Natasha
  1519 | D:2      | Killed Natasha
  1519 | D:2      | Reached XP level 6. HP: 21/57 MP: 6/6
  1527 | D:2      | Noticed Natasha
  1544 | D:2      | Killed Natasha
  1545 | D:2      | Noticed Natasha
  1561 | D:2      | Killed Natasha
  2005 | D:3      | Reached skill level 1 in Stealth
  2048 | D:3      | Found a faded altar to an unknown god.
  2131 | D:3      | Found a glowing silver altar of Zin.
  2168 | D:3      | Noticed an angel
  2207 | D:3      | Found a shimmering altar of Xom.
  2479 | D:3      | Reached XP level 7. HP: 63/66 MP: 7/7
  3085 | D:4      | Got a shimmering leather armour
  3087 | D:4      | Identified the +1 leather armour of the Comet {*Drain rC+ Regen+ Str+5} (You found it on level 4 of the Dungeon)
  3463 | D:4      | Found a snail-covered altar of Cheibriados.
  3549 | D:4      | Noticed Crazy Yiuf
  3560 | D:4      | Killed Crazy Yiuf
  3626 | D:4      | Found a staircase to the Ecumenical Temple.
  3635 | Temple   | Entered the Ecumenical Temple
  3704 | Temple   | Became a worshipper of Warmaster Okawaru
  4084 | D:4      | Reached skill level 5 in Fighting
  4194 | D:4      | Found an iron altar of Okawaru.
  4226 | D:4      | Found a shattered altar of Ashenzari.
  4226 | D:4      | Found a bloodstained altar of Trog.
  4227 | D:4      | Found an oddly glowing altar of Pakellas.
  4326 | D:4      | Reached skill level 5 in Armour
  4366 | D:5      | Entered Level 5 of the Dungeon
  4457 | D:5      | Reached XP level 8. HP: 42/75 MP: 8/8
  4532 | D:5      | Reached * piety under Okawaru
  4570 | D:5      | Found a glowing golden altar of the Shining One.
  4754 | D:5      | Noticed Pikel
  4764 | D:5      | Killed Pikel
  4764 | D:5      | Reached ** piety under Okawaru
  4764 | D:5      | Reached skill level 6 in Fighting
  4764 | D:5      | Reached skill level 5 in Polearms
  4977 | D:6      | Found a glowing golden altar of the Shining One.
  5067 | D:6      | Reached XP level 9. HP: 14/85 MP: 9/9
  5314 | D:6      | Reached skill level 7 in Fighting
  6101 | D:7      | Reached *** piety under Okawaru
  6406 | D:7      | Found a huge runed gate.
  6406 | D:7      | Noticed a polar bear
  6408 | D:7      | Found a huge runed gate.
  6409 | D:7      | Found a huge runed gate.
  6409 | D:7      | Noticed a polar bear
  6409 | D:7      | Noticed a polar bear
  6410 | D:7      | Noticed a polar bear
  6410 | D:7      | Found a huge runed gate.
  6453 | D:7      | Reached skill level 8 in Fighting
  6470 | D:7      | Found an ancient bone altar of Kikubaaqudgha.
  6963 | D:8      | Reached **** piety under Okawaru
  6987 | D:8      | Found a deep blue altar of Sif Muna.
  7089 | D:8      | Found Quonuac's Magic Scroll Boutique.
  7112 | D:8      | Found Teklug's General Store.
  7320 | D:8      | Found Fyw Bivepha's Distillery.
  7473 | D:8      | Reached skill level 9 in Fighting
  7521 | D:8      | Reached XP level 10. HP: 94/99 MP: 10/10
  7631 | D:10     | Entered Level 10 of the Dungeon
  7715 | D:10     | Gained mutation: You can exhale a cloud of poison. [potion of mutation]
  7715 | D:10     | Gained mutation: Your flesh is heat resistant. [potion of mutation]
  7715 | D:10     | Gained mutation: You occasionally shout uncontrollably at your foes. [potion of mutation]
  7719 | D:10     | HP: 4/99 [yak (5)]
  7720 | D:10     | Slain by a yak

Vault maps used:
D:1:      minmay_arrival_split_and_join
D:2:      uniq_sigmund, uniq_natasha
D:3:      grunt_temple_overflow_order_and_chaos_1, ecumenical_altar_2
D:4:      lemuel_crystal_altar, gammafunk_temple_overflow_claw,
          minmay_temple_entry_trees, okawaru_metal_pillars_1_2,
          uniq_crazy_yiuf_cottage
D:5:      basic_altar, first_bread, minmay_misc_feat_tiny, uniq_pikel
D:6:      nicolae_tso_besieged_by_evil
D:7:      lemuel_bear_cage, kennysheep_mini_moat
D:8:      nicolae_overflow_crystal_walls, serial_shops, shop, shop, shop
D:9:      dpeg_lair_monsters, basic_altar, hangedman_pestilent_swarm,
          kennysheep_generic_room_9
D:10:     kennysheep_orc_monster_closet_entryway, nemelex_diamond_rough_becter
Temple:   minmay_temple_forest_path_12

Skill      XL: |  1  2  3  4  5  6  7  8  9 10 |
---------------+-------------------------------+-----
Fighting       | 4 5 6 9 |  9.1
Polearms       | 3 4 6 7 8 |  8.0
Armour         | 3 4 5 6 |  6.1
Dodging        | 1 |  1.7
Stealth        | 1 2 3 |  3.4
Throwing       | |  0.6
Shields        | |  2.4
Invocations    | |  0.7

Action                   |  1- 3 |  4- 6 |  7- 9 | 10-12 || total
-------------------------+-------+-------+-------+-------++-------
Melee: Trident           |    88 |   219 |   741 |    33 ||  1081
Throw: Tomahawk          |       |       |     4 |       ||     4
Invok: Heroism           |       |       |     1 |       ||     1
  Use: Potion            |       |     2 |     1 |     5 ||     8
       Scroll            |       |       |     9 |       ||     9
 Stab: Sleeping          |       |       |     3 |     1 ||     4
  Eat: Chunk             |       |     3 |    19 |       ||    22
       Beef jerky        |       |     1 |     2 |       ||     3
       Meat ration       |       |       |     1 |       ||     1
